 Dungeon Crawl Stone Soup version 0.23-a0-667-gc184e93 (webtiles) character file.

380 Blackhawk the Skirmisher (level 7, -2/55 HPs)
             Began as a Formicid Abyssal Knight on Jan 8, 2019.
             Was a Believer of Lugonu.
             Slain by an orc priest
             ... wielding a +2 hand axe of electrocution
              (13 damage)
             ... on level 4 of the Dungeon.
             The game lasted 00:05:14 (4147 turns).

Blackhawk the Skirmisher (Formicid Abyssal Knight)  Turns: 4147, Time: 00:05:15

Health: -2/55      AC: 12    Str: 19    XL:     7   Next: 5%
Magic:  10/10      EV:  6    Int: 11    God:    Lugonu [**....]
Gold:   163        SH:  0    Dex: 10    Spells: 6/6 levels left

rFire    . . .     SeeInvis +   a - +1 hand axe
rCold    . . .     Gourm    .   (no shield)
rNeg     . . .     Faith    .   j - +0 plate armour
rPois    .         Spirit   .   (helmet unavailable)
rElec    .         Reflect  .   (no cloak)
rCorr    .         Harm     .   m - +0 pair of gloves
MR       .....                  (no boots)
Stlth    ..........             (no amulet)
HPRegen  0.18/turn              (no ring)
MPRegen  0.12/turn              (no ring)

@: no status effects
A: permanent stasis, dig shafts and tunnels, four strong arms, antennae 3
a: Dig, Shaft Self, Depart the Abyss, Bend Space, Renounce Religion


You were on level 4 of the Dungeon.
You worshipped Lugonu.
Lugonu was pleased with you.
You were not hungry.

You visited 1 branch of the dungeon, and saw 4 of its levels.
You visited the Abyss 1 time.

You collected 163 gold pieces.

Inventory:

Hand Weapons
 a - a +1 hand axe (weapon)
Armour
 b - a +0 leather armour
 j - a +0 plate armour (worn)
 m - a +0 pair of gloves (worn)
 n - a +2 leather armour of poison resistance
Scrolls
 d - 6 scrolls of teleportation {unknown}
 f - 3 scrolls of identify {unknown}
 i - a scroll of remove curse {unknown}
 l - 3 scrolls of enchant weapon {unknown}
 p - a scroll of enchant armour {unknown}
 q - a scroll of magic mapping {unknown}
 s - a scroll of noise {unknown}
Potions
 e - a potion of curing {unknown}
 g - a potion of agility {unknown}
 h - 2 potions of might {unknown}
 k - a potion of mutation {unknown}
 r - a potion of heal wounds {unknown}
Comestibles
 c - 7 rations
 o - 7 chunks of flesh


   Skills:
 + Level 4.6 Fighting
 + Level 3.6 Axes
 + Level 3.9 Armour
 + Level 2.6 Dodging
 + Level 4.0 Invocations


You had 6 spell levels left.
You didn't know any spells.
Your spell library was empty.

Dungeon Overview and Level Annotations

Branches:
Dungeon (4/15)             Temple (0/1) D:4

Altars:
Gozag
Kikubaaqudgha
Okawaru
Ru
Xom
The Shining One


Innate Abilities, Weirdness & Mutations

You cannot be hasted, slowed, berserked, paralysed or teleported.
You can dig through walls and to a lower floor.
Your four strong arms can wield two-handed weapons with a shield.
You have a pair of large antennae on your head. (SInv)


Message History

The orc priest is moderately wounded.
You hit the orc. You hit the orc priest. The orc hits you but does no damage.
The orc priest barely misses you.
The orc priest hits you but does no damage.
You hit the orc priest.
The orc priest is heavily wounded.
You hit the orc priest. You closely miss the orc.
The orc hits you but does no damage.
The orc priest hits you but does no damage. x2
You are electrocuted!
* * * LOW HITPOINT WARNING * * *
You hit the orc priest but do no damage.
The orc priest is severely wounded.
Your plate armour prevents you from hitting the orc.
You closely miss the orc priest. The orc hits you but does no damage.
The orc priest closely misses you.
The orc priest hits you with a +2 hand axe of electrocution.
* * * LOW HITPOINT WARNING * * *
You are electrocuted!
You die...

#..#...... ..##
........## ...###...
.........# .....#..#
.........###........#
.##.................#
.#...#........##....#
....####....####o...#
...## ###.## #ooo.##
..## #..####@o...#
...### ##.#........#
.....######......###...#
..................# ###
##.####...........#
###.#####...........
###...............###
..#.##............#
#...####.........##


You could see 2 orc priests, an orc wizard (invisible) and 2 orcs.

Vanquished Creatures
  A scorpion (D:4)
  A howler monkey (D:3)
  A crimson imp (D:3)
  A hound (D:4)
  An orc priest (D:3)
  An orc wizard (D:4)
  Natasha (D:3)
  A worker ant (D:4)
  2 adders (D:3)
  2 adder zombies (D:3)
  An ooze (D:2)
  2 adder skeletons (D:3)
  2 worms
  4 dart slugs
  2 leopard geckos (D:1)
  6 orcs
  A ball python (D:1)
  2 giant cockroaches
  5 goblins
  7 hobgoblins
  3 jackals (D:3)
  A quokka (D:4)
  4 bats
  8 frilled lizards
  A giant cockroach zombie (D:3)
  A jackal skeleton (D:3)
  9 kobolds
  2 leopard gecko skeletons (D:3)
  10 rats
83 creatures vanquished.

Notes
Turn   | Place    | Note
-------+----------+-------------------------------------------
     0 | Abyss:1  | Blackhawk the Formicid Abyssal Knight began the quest for
                  | the Orb.
     0 | Abyss:1  | Reached XP level 1. HP: 18/18 MP: 2/2
    53 | Abyss:1  | Noticed a smoke demon
    55 | D:1      | Escaped the Abyss
   151 | D:1      | Reached skill level 1 in Dodging
   163 | D:1      | Reached * piety under Lugonu
   221 | D:1      | Reached XP level 2. HP: 24/24 MP: 3/3
   656 | D:1      | Reached XP level 3. HP: 28/29 MP: 4/4
  1401 | D:2      | Found an ancient bone altar of Kikubaaqudgha.
  1781 | D:2      | Found a shimmering altar of Xom.
  1781 | D:2      | Found a shimmering altar of Xom.
  1782 | D:2      | Found a shimmering altar of Xom.
  1782 | D:2      | Found a shimmering altar of Xom.
  1800 | D:2      | Reached ** piety under Lugonu
  1800 | D:2      | Reached XP level 4. HP: 37/37 MP: 6/6
  2146 | D:3      | Reached XP level 5. HP: 34/42 MP: 7/7
  2221 | D:3      | Found an iron altar of Okawaru.
  2222 | D:3      | Found a glowing golden altar of the Shining One.
  2665 | D:3      | Found an opulent altar of Gozag.
  2807 | D:3      | Found an iron altar of Okawaru.
  2817 | D:3      | Reached XP level 6. HP: 44/48 MP: 8/8
  2895 | D:3      | Noticed Natasha
  2907 | D:3      | Killed Natasha
  3488 | D:4      | Found a sacrificial altar of Ru.
  4024 | D:4      | Found a staircase to the Ecumenical Temple.
  4097 | D:4      | Reached XP level 7. HP: 54/55 MP: 8/10
  4147 | D:4      | Slain by an orc priest

Vault maps used:
D:1:      minmay_arrival_widening_spiral_wide, minmay_door_square,
          minmay_bisected
D:2:      lemuel_crystal_altar, xom_redecorated, first_ration
D:3:      grunt_gozag_statues, minitemple, serial_undead, serial_undead_f,
          serial_undead_b, serial_undead_d, serial_undead_c, okawaru_gym_becter,
          uniq_natasha
D:4:      kennysheep_mini, grunt_qazlal_sundering, minmay_temple_entry_statues

Skill      XL: |  1  2  3  4  5  6 |
---------------+-------------------+-----
Dodging        | 1 2 |  2.6
Fighting       | 4 |  4.6
Armour         | 3 |  3.9
Invocations    | 3 4 |  4.0
Axes           | 3 |  3.6

Action                   |  1- 3 |  4- 6 |  7- 9 || total
-------------------------+-------+-------+-------++-------
Melee: Hand axe          |   120 |   191 |     9 ||   320
Invok: Depart the Abyss  |     1 |       |       ||     1
  Eat: Chunk             |     2 |     8 |     1 ||    11
Armor: Leather armour    |    25 |       |       ||    25
       Plate armour      |    31 |   135 |    13 ||   179
Dodge: Dodged            |    57 |    57 |     5 ||   119

Table legend:
 A = Non-vault XP
 B = Vault XP
 C = Vault XP percentage of total XP
 D = Non-vault monster count
 E = Vault monster count
 F = Vault count percentage of total count
                 A         B        C        D         E       F
            +---------+---------+-------+---------+---------+-------
      Total |     479 |      65 |  11.9 |      71 |      12 |  14.5
            +---------+---------+-------+---------+---------+-------
        D:1 |      43 |       5 |  10.4 |      25 |       3 |  10.7
        D:2 |      24 |       0 |   0.0 |       9 |       0 |   0.0
        D:3 |     219 |      60 |  21.5 |      29 |       9 |  23.7
        D:4 |     193 |       0 |   0.0 |       8 |       0 |   0.0
            +---------+---------+-------+---------+---------+-------
